 Dungeon Crawl Stone Soup version 0.28.0-45-g0d030f2227 (webtiles) character file.

Game seed: 2278584604145402330

1372 Revguard the Magician (level 8, 0/52 HPs)
             Began as an Octopode Transmuter on Apr 12, 2022.
             Slain by a sky beast (5 damage)
             ... on level 7 of the Dungeon.
             The game lasted 00:19:54 (7476 turns).

Revguard the Magician (Octopode Transmuter)         Turns: 7476, Time: 00:19:55

Health: 0/52       AC:  1    Str:  9    XL:     8   Next: 66%
Magic:  24/24      EV: 14    Int: 21    God:
Gold:   347        SH:  0    Dex: 15    Spells: 3/17 levels left

rFire   . . .      SeeInvis .     - Unarmed
rCold   . . .      Faith    .   (no shield)
rNeg    . . .      Spirit   .   (helmet currently unavailable)
rPois   .          Reflect  .   (no amulet)
rElec   .          Harm     .   b - +4 ring of slaying
rCorr   .          Rampage  .   f - +6 ring of intelligence
Will    .....                   j - ring of magical power
Stlth   ++++......              (no ring)
HPRegen 0.17/turn               (no ring)
MPRegen 0.19/turn               (no ring)
                                (no ring)
                                (no ring)

@: mighty, appendages, hasted, very quick
A: tentacle spike 3, almost no armour, amphibious, 8 rings, camouflage 1,
gelatinous body 1, (nimble swimmer 1), tentacles
a: End Transformation


You were on level 7 of the Dungeon.
One of your tentacles had grown a beastly spike.
You visited 2 branches of the dungeon, and saw 8 of its levels.

You collected 347 gold pieces.

Inventory:

Jewellery
 b - a +4 ring of slaying (left tentacle)
 f - a +6 ring of intelligence (right tentacle)
 j - a ring of magical power (on tentacle)
Wands
 h - a wand of charming (8)
Scrolls
 a - 2 scrolls of silence
 c - 2 scrolls of teleportation
 d - a scroll of vulnerability
 g - a scroll of amnesia
 i - 3 scrolls of blinking
Potions
 e - 3 potions of haste


   Skills:
 + Level 3.3 Fighting
 + Level 3.8 Dodging
 + Level 4.6 Stealth
 + Level 4.6 Unarmed Combat
 * Level 5.1 Spellcasting
 + Level 1.3 Necromancy
 + Level 3.8 Transmutations
 + Level 3.3 Poison Magic
 + Level 2.5 Evocations


You had 3 spell levels left.
You knew the following spells:

 Your Spells              Type           Power      Damage    Failure   Level
a - Beastly Appendage     Tmut           42%        N/A       2%          1
b - Wereblood             Tmut           21%        N/A       3%          2
c - Spider Form           Tmut/Pois      20%        N/A       8%          3
d - Blade Hands           Tmut           10%        N/A       52%         5
e - Vampiric Draining     Necr           11%        2d6       19%         3

Your spell library contained the following spells:

 Spells                   Type           Power      Damage    Failure   Level
 Passwall                 Tmut/Erth      10%        N/A       8%          2
 Slow                     Hex            20%        N/A       11%         1
 Ensorcelled Hibernation  Hex/Ice        10%        N/A       16%         2
 Static Discharge         Conj/Air       5%         N/A       16%         2
 Confusing Touch          Hex            5%         N/A       32%         3
 Portal Projectile        Hex/Tloc       10%        N/A       32%         3
 Swiftness                Air            5%         N/A       32%         3
 Ice Form                 Ice/Tmut       13%        N/A       43%         4
 Dispel Undead            Necr           11%        3d9       52%         4
 Anguish                  Hex/Necr       4%         N/A       63%         4
 Sticky Flame             Conj/Fire      5%         2d3       71%         4
 Excruciating Wounds      Necr           5%         N/A       86%         5


Dungeon Overview and Level Annotations

Branches:
Dungeon (7/15)             Temple (1/1) D:5

Altars:
Ashenzari
Cheibriados
Dithmenos
Fedhas
Gozag
Hepliaklqana
Kikubaaqudgha
Makhleb
Nemelex Xobeh
Okawaru
Qazlal
Ru
Sif Muna
Trog
Uskayaw
Vehumet
Xom
Zin
The Shining One

Shops:
D:4 (   D:7 [


Innate Abilities, Weirdness & Mutations

One of your tentacles has grown a beastly spike.
You cannot wear most types of armour.
You are amphibious.
You can wear up to eight rings at the same time.
Your skin changes colour to match your surroundings (Stealth+).
Your rubbery body absorbs attacks. (AC +1, EV +1)
((You are camouflaged when in or above water. (Stealth+)))
You have tentacles for arms and can constrict up to eight enemies at once.


Message History

A sky beast appears from thin air!
Reactivating autopickup.
The sky beast hits you. The sky beast shocks you.
You barely miss the sky beast.
You pierce the sky beast.
You squeeze the sky beast.
The sky beast is lightly wounded.
The sky beast misses you.
You bludgeon the sky beast!
Your tentacle spike misses the sky beast.
The sky beast is heavily wounded.
The sky beast closely misses you.
You tentacle-slap the sky beast but do no damage.
The sky beast is moderately wounded.
You barely miss the sky beast.
You pierce the sky beast.
The sky beast is heavily wounded.
The sky beast misses you.
You closely miss the sky beast.
You pierce the sky beast.
Your squeeze misses the sky beast.
The sky beast is heavily wounded.
The sky beast flickers out of sight!
Deactivating autopickup; reactivate with Ctrl-A.
Something hits you. Something shocks you.
You tentacle-slap something. Something hits you. Something shocks you.
You miss something. Something barely misses you.
You completely miss something. Something hits you. Something shocks you.
You miss something. Something hits you. Something shocks you.
* * * LOW HITPOINT WARNING * * *
You tentacle-slap something.
You pierce something.
Something barely misses you.
It was a potion of might.
You feel very mighty all of a sudden. Something hits you.
* * * LOW HITPOINT WARNING * * *
Something shocks you.
* * * LOW HITPOINT WARNING * * *
A sky beast appears from thin air!
Reactivating autopickup.
You feel yourself speed up. The sky beast hits you.
* * * LOW HITPOINT WARNING * * *
The sky beast shocks you.
You die...

##.....##..####.###.#
#.#.#.#>#..# #.# #.#
...........# #.# #.#
..#.#.#.#.## #.# #.#
.......##.#####.###.#
.##.#.............#.#
.##.#...........#.#.#
.##.......######....#
.........)# #@.###
###.......# #Y.#
......<.### #.ยง#
........# #..#
#######.# #...# # #.#
#.#.# # .#. #.#.# #
#. ..#.# #### ##
###.#


You could see a sky beast.

Vanquished Creatures
  Sigmund (D:5)
  An acid dragon (D:7)
  A water moccasin (D:5)
  A centaur (D:6)
  5 scorpions
  A howler monkey (D:5)
  A bullfrog zombie (D:5)
  3 hounds
  A jelly (D:6)
  Crazy Yiuf (D:2)
  A centaur skeleton (D:6)
  Terence (D:2)
  Jessica (D:2)
  5 iguanas
  Robin (D:2)
  6 adders
  3 gnolls (D:5)
  An ufetubus (D:7)
  A worm (D:3)
  3 dart slugs
  4 orcs
  17 endoplasms
  4 giant cockroaches
  9 goblins
  7 hobgoblins
  2 jackals (D:1)
  A kobold (D:4)
  3 quokkas (D:1)
  10 ball pythons
  10 bats
  2 frilled lizards (D:2)
  5 rats
113 creatures vanquished.

Notes
Turn   | Place    | Note
-------+----------+-------------------------------------------
     0 | D:1      | Revguard the Octopode Transmuter began the quest for the
                  | Orb.
     0 | D:1      | Reached XP level 1. HP: 13/13 MP: 3/3
   171 | D:1      | Reached XP level 2. HP: 5/18 MP: 3/5
   177 | D:1      | Learned a level 2 spell: Wereblood
   482 | D:1      | Reached skill level 1 in Stealth
   627 | D:1      | Reached XP level 3. HP: 21/23 MP: 3/6
   899 | D:1      | Found a faded altar of an unknown god.
  1070 | D:2      | Noticed Jessica
  1070 | D:2      | Noticed Terence
  1093 | D:2      | Killed Terence
  1094 | D:2      | Reached XP level 4. HP: 11/28 MP: 4/8
  1096 | D:2      | Killed Jessica
  1097 | D:2      | Reached skill level 3 in Spellcasting
  1152 | D:2      | Learned a level 3 spell: Spider Form
  1791 | D:2      | Noticed Robin
  1802 | D:2      | Reached XP level 5. HP: 28/33 MP: 3/9
  1806 | D:2      | Killed Robin
  2075 | D:2      | Found a runed translucent door.
  2076 | D:2      | Noticed Crazy Yiuf
  2367 | D:2      | Killed Crazy Yiuf
  2720 | D:3      | Reached skill level 1 in Poison Magic
  3586 | D:4      | Reached XP level 6. HP: 28/39 MP: 8/11
  3612 | D:4      | Learned a level 5 spell: Blade Hands
  3930 | D:4      | Identified the +7 quarterstaff of Watchfulness {flame,
                  | Dex+3}
  4158 | D:4      | Found Wuakarphova's Weapon Shoppe.
  4300 | D:5      | Entered Level 5 of the Dungeon
  4488 | D:5      | Noticed a water moccasin
  4680 | D:5      | Killed a water moccasin
  4681 | D:5      | Reached skill level 4 in Spellcasting
  4681 | D:5      | Reached XP level 7. HP: 39/45 MP: 10/13
  4748 | D:5      | Found a blossoming altar of Fedhas.
  4758 | D:5      | Reached skill level 1 in Evocations
  5258 | D:5      | Noticed Sigmund
  5277 | D:5      | Killed Sigmund
  5278 | D:5      | Reached XP level 8. HP: 35/51 MP: 14/14
  5285 | D:5      | Learned a level 3 spell: Vampiric Draining
  5558 | D:5      | Found a staircase to the Ecumenical Temple.
  5567 | Temple   | Entered the Ecumenical Temple
  6769 | D:6      | Reached skill level 5 in Spellcasting
  6769 | D:6      | Reached skill level 1 in Necromancy
  7075 | D:7      | Found Odumepob's Armour Boutique.
  7476 | D:7      | Slain by a sky beast

Illustrated notes

Levels and vault maps discovered:
D:1:      wheals_arrival_linesprint, layout_basic,
          shapermc_ecumenical_altar_acropolis
D:2:      layout_loops_corners, uniq_robin, uniq_jessica, uniq_terence,
          uniq_crazy_yiuf_cottage
D:3:      layout_basic
D:4:      kennysheep_big_flooded_room, layout_rooms, serial_shops,
          kennysheep_mini_moat
D:5:      layout_layer_cave, fedhas_altar_1, minmay_temple_entry_poolview,
          uniq_sigmund
D:6:      layout_loops_ring
D:7:      layout_loops_ring, nicolae_ossuary_entry_monument, serial_shops, shop
Temple:   eino_narrow_crystal_temple

Skill      XL: |  1  2  3  4  5  6  7  8 |
---------------+-------------------------+-----
Stealth        | 1 2 3 4 |  4.6
Spellcasting   | 3 4 5 |  5.1
Poison Magic   | 1 2 3 |  3.3
Fighting       | 2 3 |  3.3
Dodging        | 3 |  3.8
Transmutations | 3 |  3.8
Unarmed Combat | 4 |  4.6
Evocations     | 1 2 |  2.5
Necromancy     | 1 |  1.3

Action                   |  1- 3 |  4- 6 |  7- 9 || total
-------------------------+-------+-------+-------++-------
Melee: Unarmed           |    63 |   115 |    84 ||   262
       Kick              |    17 |    30 |    28 ||    75
       Constrict         |    18 |    32 |    10 ||    60
       Tentacles         |    13 |    21 |    16 ||    50
       Punch             |       |     2 |     1 ||     3
 Cast: Beastly Appendage |    15 |    33 |    15 ||    63
       Wereblood         |     2 |     3 |     1 ||     6
       Spider Form       |       |     1 |     1 ||     2
  Use: Scroll            |     2 |     4 |     3 ||     9
       Potion            |       |     3 |     3 ||     6
 Stab: Sleeping          |     4 |    15 |     4 ||    23
Armor: Skin              |    12 |     5 |     4 ||    21
Dodge: Dodged            |    55 |    79 |    62 ||   196
